 Dungeon Crawl Stone Soup version 0.20.1-1-g8b1a95d66d (webtiles) character file.

2220 Popi the Carver (level 9, -6/69 HPs)
             Began as a Human Fighter on Dec 18, 2017.
             Was a Believer of the Shining One.
             Killed by divine providence
             ... invoked by an orc priest
              (14 damage)
             ... on level 6 of the Dungeon.
             The game lasted 00:10:31 (6387 turns).

Popi the Carver (Human Fighter)                     Turns: 6387, Time: 00:10:32

Health: -6/69      AC: 15    Str: 20    XL:     9   Next: 61%
Magic:  9/9        EV:  7    Int:  8    God:    the Shining One [**....]
Gold:   340        SH:  0    Dex: 13    Spells: 8/8 levels left

rFire    . . .     SeeInvis .   a - +2 long sword
rCold    . . .     Gourm    .   (no shield)
rNeg     + . .     Faith    .   p - +2 plate armour
rPois    .         Spirit   .   (no helmet)
rElec    .         Reflect  .   (no cloak)
rCorr    .         Harm     .   (no gloves)
MR       .....                  (no boots)
Stlth    ..........             (no amulet)
Regen    0.3/turn               (no ring)
MPRegen  0.2/turn               (no ring)

@: glowing
A: no striking features
a: Divine Shield, Renounce Religion


You were on level 6 of the Dungeon.
You worshipped the Shining One.
The Shining One was pleased with you.
You were very hungry.

You visited 1 branch of the dungeon, and saw 6 of its levels.

You collected 340 gold pieces.

Inventory:

Hand Weapons
 a - a +2 long sword (weapon)
Armour
 b - a +0 scale mail
 p - a +2 plate armour (worn)
Jewellery
 u - an uncursed ring of magical power
Wands
 c - a wand of polymorph (10/24)
Scrolls
 e - 6 scrolls of identify
 g - a scroll of blinking
 h - a scroll of teleportation
 i - a scroll of remove curse
 k - 2 scrolls of magic mapping
 n - a scroll of amnesia
 o - a scroll of enchant weapon
Potions
 d - a potion of might
 s - a potion of flight
 v - a potion of invisibility {unknown}
Books
 m - a book of Necromancy

   Spells                             Type                      Level
   a - Pain                           Necromancy                   1
   b - Animate Skeleton               Necromancy                   1
   c - Vampiric Draining              Necromancy                   3
   d - Regeneration                   Charms/Necromancy            3
   e - Animate Dead                   Necromancy                   4
   f - Control Undead                 Necromancy                   4
   The Shining One disapproves of the use of such an item.
Comestibles
 f - 4 bread rations
 q - a royal jelly


   Skills:
 + Level 6.1 Fighting
 + Level 8.6 Long Blades
 + Level 7.0 Armour
 * Level 2.6 Dodging
   Level 3.0 Shields


You had 8 spell levels left.
You didn't know any spells.

Dungeon Overview and Level Annotations

Branches:
Dungeon (6/15)
 Temple: D:4-7

Altars:
Ashenzari
Fedhas
Hepliaklqana
Nemelex Xobeh
Trog
Xom
The Shining One

Annotations:
D:6 1 transporter


Message History

* * * LOW HITPOINT WARNING * * *
You feel much better.
The crimson imp hits you but does no damage.
The orc priest looks encouraged for a moment.
The crimson imp blinks!
The kobold demonologist casts a cantrip, but nothing happens.
The orc priest looks encouraged for a moment.
The orc priest mumbles some strange prayers to Beogh against you.
Beogh smites you!
* * * LOW HITPOINT WARNING * * *
The shadow imp gestures at you. Pain shoots through your body!
* * * LOW HITPOINT WARNING * * *
The crimson imp blinks!
You open the door.
The shadow imp shouts, "Give up, thou euchred weather-bitten jarkman!"
The orc priest begins to cast a cantrip, but forgets the words!
The orc priest invokes the aid of Beogh against you.
Beogh smites you!
You die...

#...##..#...#P.....P#..#* #..###
#...........####'####..# #.#.#.
#...........#.≈...≈.#..# #.##.#
....##......#o≈(..≈.#..# #.....
..####......#.5≈≈≈≈o#..# #####.
..####...#..#K≈P♣≈≈5#..# #.
............#5≈≈≈§≈o#..# #.
#.#####..##.#o≈.§.≈.#..#### ###.
#..# #......#.≈.@.≈o#.....## #...
##.# #......####'####......###...
#>###....#.#≈.?.?.≈#............
##..........#8P$©$P8#......###...
............#########............
##.....................########..
..................####.## ##.
##.##.............###...## #.
##......!###.##.#.##.....####**#.


You could see a kobold demonologist, 5 orc priests, a crimson imp and 2 shadow
imps.

Vanquished Creatures
  The ghost of Popi the Slasher, a novice HuFi (D:4)
  The ghost of Popi the Slasher, a novice HuFi (D:5)
  A sky beast (D:6)
  A centaur (D:5)
  A phantom (D:6)
  3 ogres
  4 bullfrogs
  2 crimson imps
  2 orc wizards
  A centaur skeleton (D:4)
  5 orc priests
  A bullfrog skeleton (D:5)
  2 iguanas (D:5)
  3 worker ants
  A hound zombie (D:5)
  A howler monkey skeleton (D:4)
  10 adders
  4 gnolls (D:6)
  An ooze (D:2)
  An adder skeleton (D:4)
  An adder zombie (D:5)
  2 worms
  3 dart slugs
  5 leopard geckos
  32 orcs
  A ball python (D:4)
  13 bats
  2 giant cockroaches (D:2)
  9 goblins
  4 hobgoblins
  16 jackals
  4 kobolds
  A quokka (D:3)
  6 frilled lizards
  A jackal skeleton (D:4)
  A leopard gecko skeleton (D:5)
  8 rats
155 creatures vanquished.

Notes
Turn   | Place    | Note
-------+----------+-------------------------------------------
     0 | D:1      | Popi the Human Fighter began the quest for the Orb.
     0 | D:1      | Reached XP level 1. HP: 18/18 MP: 1/1
    40 | D:1      | Reached XP level 2. HP: 23/24 MP: 2/2
   172 | D:1      | Reached XP level 3. HP: 26/29 MP: 3/3
   772 | D:2      | Reached XP level 4. HP: 32/35 MP: 4/4
   787 | D:2      | Found a shimmering altar of Xom.
   788 | D:2      | Found a glowing golden altar of the Shining One.
   788 | D:2      | Found a hazy altar of Hepliaklqana.
   789 | D:2      | Found a bloodstained altar of Trog.
   807 | D:2      | Became a worshipper of the Shining One
  1025 | D:2      | Reached skill level 3 in Long Blades
  1595 | D:3      | Noticed a bullfrog
  1604 | D:3      | Killed a bullfrog
  1604 | D:3      | Reached XP level 5. HP: 17/42 MP: 5/5
  2175 | D:3      | Reached skill level 4 in Long Blades
  2175 | D:3      | Reached XP level 6. HP: 48/48 MP: 6/6
  2521 | D:3      | Reached * piety under the Shining One
  2907 | D:4      | Reached skill level 5 in Long Blades
  2907 | D:4      | Reached XP level 7. HP: 25/54 MP: 7/7
  3071 | D:4      | Noticed Popi's ghost (novice HuFi)
  4321 | D:4      | Killed Popi's ghost
  4321 | D:4      | Reached skill level 5 in Fighting
  4321 | D:4      | Reached skill level 6 in Long Blades
  4321 | D:4      | Reached skill level 5 in Armour
  4321 | D:4      | Reached XP level 8. HP: 36/62 MP: 8/8
  4675 | D:4      | Found a sparkling altar of Nemelex Xobeh.
  4905 | D:5      | Entered Level 5 of the Dungeon
  5048 | D:5      | Reached skill level 7 in Long Blades
  5068 | D:5      | Found a blossoming altar of Fedhas.
  5153 | D:5      | Reached ** piety under the Shining One
  5216 | D:5      | Found a shattered altar of Ashenzari.
  5270 | D:5      | Noticed Popi's ghost (novice HuFi)
  5290 | D:5      | Killed Popi's ghost
  5290 | D:5      | Reached skill level 1 in Dodging
  5290 | D:5      | Reached XP level 9. HP: 10/69 MP: 9/9
  5657 | D:5      | Reached skill level 8 in Long Blades
  5944 | D:5      | You fall through a shaft!
  6008 | D:6      | Found a transporter.
  6033 | D:6      | Noticed a kobold demonologist
  6111 | D:6      | Found a transporter.
  6387 | D:6      | Killed from afar by an orc priest

Skill      XL: |  1  2  3  4  5  6  7  8  9 |
---------------+----------------------------+-----
Long Blades    | 3 4 5 6 7 8 |  8.6
Armour         | 4 5 6 7 |  7.0
Fighting       | 4 5 6 |  6.1
Dodging        | 1 2 |  2.6
Shields        | |  3.0

Action                   |  1- 3 |  4- 6 |  7- 9 || total
-------------------------+-------+-------+-------++-------
Melee: Long sword        |    68 |   194 |   315 ||   577
  Use: Potion            |       |       |     7 ||     7
       Scroll            |       |       |    13 ||    13
  Eat: Chunk             |       |     7 |     6 ||    13
       Bread ration      |       |       |     1 ||     1
Armor: Scale mail        |    31 |    32 |       ||    63
       Plate armour      |       |   106 |   198 ||   304
       Skin              |       |       |     8 ||     8
Dodge: Dodged            |    42 |    79 |    93 ||   214
       Rpst.: Long sword |    16 |    21 |    26 ||    63
